Map: Psionic Temple

Players

Tesla - Winner!

  • Race: Protoss Protoss

FallensTaR

  • Race: Terran Terran
  • League: Diamond

VOD

Have the link to the VOD?

Description

Time

  • Played on: Sept. 21, 2016, 5:22 p.m.
  • Length: 10:08
Show
View Real Time Build Order
Export as new Build Order

Tesla Protoss - Winner!

Build Orders:  

Get SALT Encoding   

  12  0:01  Probe (Chrono Boost)  
  13  0:12  Probe (Chrono Boost)  
  14  0:18  Pylon  
  14  0:22  Probe (Chrono Boost)  
  15  0:36  Probe (Chrono Boost)  
  15  0:38  Gateway  
  16  0:44  Assimilator  
  16  0:47  Probe (Chrono Boost)  
  17  0:57  Probe (Chrono Boost)  
  18  1:07  Pylon  
  18  1:08  Probe (Chrono Boost)  
  19  1:18  Probe (Chrono Boost)  
  20  1:26  Cybernetics Core  
  20  1:29  Probe (Chrono Boost)  
  22  1:40  Probe (Chrono Boost)  
  22  1:48  Nexus  
  22  1:50  Probe (Chrono Boost)  
  23  2:01  Probe (Chrono Boost)  
  24  2:02  Assimilator  
  23  2:10  Adept  
  23  2:12  Mothership Core (Chrono Boost)  
  27  2:25  Pylon  
  27  2:27  Warp Gate  
  28  2:30  Probe (Chrono Boost)  
  28  2:37  Stalker  
  28  2:40  Probe (Chrono Boost)  
  31  2:51  Probe (Chrono Boost)  
  32  3:01  Probe x2 (Chrono Boost)  
  34  3:08  Robotics Facility  
  34  3:10  Gateway  
  34  3:13  Probe x2 (Chrono Boost)  
  34  3:14  Sentry  
  38  3:25  Probe x2 (Chrono Boost)  
  40  3:36  Pylon  
  40  3:37  Probe x2 (Chrono Boost)  
  42  3:46  Stalker  
  43  3:49  Probe (Chrono Boost)  
  43  3:50  Probe (Chrono Boost)  
  46  3:55  Twilight Council  
  46  3:58  Gateway  
  48  4:04  Probe x2 (Chrono Boost)  
  48  4:08  Assimilator  
  48  4:09  Assimilator  
  48  4:16  Observer  
  49  4:20  Resonating Glaives  
  49  4:22  Probe x2 (Chrono Boost)  
  51  4:34  Probe (Chrono Boost)  
  51  4:36  Stalker  
  51  4:38  Observer, Adept  
  57  4:55  Forge, Probe x2 (Chrono Boost)  
  57  4:59  Warp Prism  
  61  5:01  Gateway  
  61  5:03  Gateway x2  
  62  5:07  Probe (Chrono Boost)  
  62  5:11  Pylon  
  62  5:13  Pylon  
  62  5:17  Pylon  
  59  5:29  Stalker x3  
  64  5:43  Probe (Chrono Boost)  
  64  6:00  Stalker x2  
  68  6:11  Stalker x2  
  72  6:12  Blink  
  72  6:14  Adept  
  74  6:18  Adept  
  74  6:22  Adept  
  78  6:26  Stalker  
  76  6:41  Adept  
  76  6:42  Adept x3  
  78  6:52  Stalker x2  
  68  7:06  Stalker x3  
  68  7:07  Stalker  
  63  7:18  Adept  
  63  7:19  Adept  
  63  7:31  Adept x4  
  65  7:44  Adept x2  
  69  7:56  Adept x3  
  69  7:57  Adept  
  75  8:08  Adept x2  
  69  8:22  Stalker x4  
  69  8:34  Stalker x2  
  61  8:47  Stalker x4  
  61  8:52  Immortal  
  65  8:58  Adept x2  
  69  9:10  Adept  
  69  9:11  Adept x3  
  77  9:20  Adept  
  77  9:21  Adept  
  71  9:30  Adept  
  73  9:35  Adept x3  
  71  9:42  Stalker x2  
  73  9:49  Stalker  
Show
View Real Time Build Order
Export as new Build Order

FallensTaR Terran 

Build Orders: Reaper Expand 

Get SALT Encoding   

  12  0:01  SCV  
  13  0:13  SCV  
  14  0:19  Supply Depot  
  14  0:25  SCV  
  15  0:41  SCV  
  15  0:42  Barracks  
  16  0:47  Refinery  
  16  0:53  SCV  
  17  1:05  SCV  
  18  1:19  SCV  
  19  1:31  Orbital Command  
  19  1:32  Reaper  
  20  1:41  Command Center  
  20  1:52  Refinery  
  20  1:57  SCV, Supply Depot  
  21  2:06  Barracks Reactor  
  21  2:11  SCV  
  22  2:24  Factory  
  22  2:27  SCV  
  23  2:35  Engineering Bay  
  23  2:50  SCV  
  24  2:53  Marine x2  
  26  2:58  Orbital Command  
  26  3:06  Bunker  
  26  3:08  Widow Mine  
  26  3:09  Starport  
  26  3:11  Marine  
  26  3:12  Marine  
  30  3:15  SCV  
  31  3:24  Supply Depot  
  31  3:31  SCV x2  
  31  3:32  Marine  
  31  3:33  Marine  
  35  3:43  SCV  
  36  3:49  Widow Mine  
  36  3:50  Medivac  
  36  3:55  SCV x2, Supply Depot  
  42  4:07  SCV  
  43  4:11  SCV  
  44  4:21  Command Center  
  44  4:22  Starport Reactor  
  44  4:24  Factory Tech Lab  
  44  4:32  Barracks, SCV x2  
  44  4:34  Barracks  
  46  4:44  SCV x2  
  48  4:52  Factory Reactor, Terran Infantry Weapons Level 1  
  48  4:53  Supply Depot  
  48  4:56  SCV x2  
  48  4:57  Refinery x2  
  50  5:01  Engineering Bay  
  50  5:04  Marauder  
  52  5:08  SCV x2  
  52  5:09  Stimpack  
  48  5:38  SCV x2  
  48  5:41  Barracks Tech Lab, Widow Mine x2  
  48  5:42  Marine x2  
  56  5:43  Medivac x2, Marauder  
  56  5:44  Orbital Command  
  56  5:49  Terran Infantry Armor Level 1, Supply Depot  
  58  5:50  SCV  
  59  5:59  Missile Turret  
  59  6:01  Missile Turret  
  61  6:04  Marauder  
  61  6:06  SCV x2, Missile Turret  
  61  6:09  Missile Turret  
  63  6:14  Missile Turret  
  63  6:18  SCV  
  63  6:22  Marine x2, Marauder  
  70  6:25  Marauder  
  70  6:27  Medivac x2  
  70  6:31  SCV x3  
  77  6:40  Marine  
  77  6:43  SCV  
  77  6:53  Marine  
  69  6:54  Marauder x2  
  69  6:57  Marine  
  53  7:11  Marine  
  53  7:15  Marine, Marauder x2  
  49  7:29  Marine  
  44  7:33  Marine  
  44  7:36  Marine  
  44  7:37  Marauder  
  38  7:46  Widow Mine x2  
  38  7:47  Marine  
  38  7:51  Marine  
  43  7:54  Orbital Command  
  43  7:55  Marauder  
  43  7:58  Marauder  
  43  8:01  Medivac  
  43  8:02  Medivac  
  43  8:05  Marine  
  47  8:09  Marine  
  44  8:16  Marauder  
  44  8:19  Marauder  
  40  8:22  Marine  
  40  8:26  Marine  
  33  8:37  Marauder, Orbital Command  
  33  8:40  Marine  
  33  8:41  Marauder  
  33  8:44  Marine  
  33  8:58  Marine  
  33  8:59  Marauder  
  33  9:02  Marauder  
  38  9:12  Marine  
  39  9:20  Marauder  
  39  9:24  Marauder  
Tags
 
Add a new tag
Caveats
  • Supply blocks, unpowered buildings, or Contaminate may cause inaccurate times.
  • Supply counts are checked every 10 seconds.